 Dungeon Crawl Stone Soup version 0.28.0-47-ge53b351184 (webtiles) character file.

Game seed: 11431562302205397147

1995 firemarshallily the Carver (level 9, 0/56 (62) HPs)
             Began as a Demonspawn Gladiator on May 1, 2022.
             Was a Believer of Hepliaklqana.
             Slain by Duvessa
             ... wielding a +4 short sword of draining
              (18 damage)
             ... on level 6 of the Dungeon on May 2, 2022.
             The game lasted 00:19:46 (5319 turns).

firemarshallily the Carver (Demonspawn Gladiator)   Turns: 5319, Time: 00:19:47

HP:   0/56 (62)     AC:  7    Str: 19    XL:     9   Next: 1%
MP:   9/9           EV: 12    Int:  9    God:    Hepliaklqana [**....]
Gold: 247           SH:  0    Dex: 15    Spells: 7/8 levels left

rFire   . . .      SeeInvis .   a - +1 long sword
rCold   . . .      Faith    .   (no shield)
rNeg    . . .      Spirit   .   b - +0 leather armour
rPois   +          Reflect  .   (helmet restricted)
rElec   .          Harm     .   e - +0 cloak
rCorr   .          Rampage  .   j - +0 pair of gloves
Will    .....                   x - +0 pair of boots
Stlth   +.........              v - amulet of magic regeneration
HPRegen 0.18/turn               g - ring of poison resistance
MPRegen 0.62/turn               (no ring)

@: drained
A: reduced essence, antennae 2, hooves 2, magic regeneration
a: Renounce Religion, Recall Ancestor, Ancestor Identity


You were on level 6 of the Dungeon.
You worshipped Hepliaklqana.
Hepliaklqana was pleased with you.
You visited 1 branch of the dungeon, and saw 6 of its levels.

You collected 247 gold pieces.

Inventory:

Hand Weapons
 a - a +1 long sword (weapon)
Missiles
 h - 84 stones (quivered)
 w - a javelin
Armour
 b - a +0 leather armour (worn)
 e - a +0 cloak (worn)
 i - a +0 ring mail
 j - a +0 pair of gloves (worn)
 s - a +0 chain mail
 x - a +0 pair of boots (worn)
Jewellery
 g - a ring of poison resistance (left hand)
 v - an amulet of magic regeneration (around neck)
Wands
 c - a wand of flame (4)
 o - a wand of digging (6)
Scrolls
 k - 3 scrolls of teleportation
 n - a scroll of immolation
 t - a scroll of identify
 z - a scroll of enchant weapon
Potions
 f - a potion of lignification {unknown}
 l - a potion of haste {unknown}
 m - a potion of flight
 p - a potion of attraction {unknown}
 q - a potion of cancellation {unknown}
 r - a potion of heal wounds
 u - a potion of curing


   Skills:
 + Level 6.1 Fighting
 * Level 8.0 Long Blades
 - Level 2.0 Throwing
 + Level 5.0 Armour
 - Level 3.0 Dodging


You had 7 spell levels left.
You knew the following spells:

 Your Spells              Type           Power      Damage    Failure   Level
a - Summon Small Mammal   Summ           0%         N/A       43%         1

Your spell library contained the following spells:

 Spells                   Type           Power      Damage    Failure   Level
 Call Canine Familiar     Summ           0%         N/A       80%         3
 Ozocubu's Armour         Ice            0%         N/A       80%         3
 Summon Guardian Golem    Hex/Summ       0%         N/A       80%         3
 Ozocubu's Refrigeration  Ice            0%         4d5       100%        7


Dungeon Overview and Level Annotations

Branches:
Dungeon (6/15)             Temple (0/1) D:4

Altars:
Hepliaklqana
Trog
Yredelemnul

Annotations:
D:3 3 runed translucent doors, 5 exclusions, Rudyous's ghost, novice DjFi
D:6 Duvessa


Innate Abilities, Weirdness & Mutations

Your life essence is reduced to manifest your ancestor. (-10% HP)
You have a pair of antennae on your head.
You have hoof-like feet.
You regenerate magic rapidly.


Message History

Throw: throwing net
Press: ? - help, Q - select action, (/) - cycle Shift-Dir - straight line, f/p - Duvessa
Aim: Duvessa, wielding a +4 short sword of draining and wearing a +0 ring mail (lightly wounded, berserk, fast, 70% to hit)
You throw a throwing net. The throwing net hits Duvessa.
Duvessa is caught in the net!
Duvessa is lightly wounded.
Duvessa struggles against the net.
Duvessa struggles against the net. x2
Duvessa struggles against the net.
The net rips apart, and Duvessa comes free!
Things that are here:
a +0 dagger; a +0 robe; a potion of curing
Found a stone staircase leading down.
Duvessa hits you with a +4 short sword of draining!
You feel drained.
Maria barely misses Duvessa.
Duvessa hits you with a +4 short sword of draining!
You feel drained.
You barely miss Duvessa. You punch Duvessa, but do no damage.
Duvessa is lightly wounded.
Duvessa hits you with a +4 short sword of draining!!
You feel drained.
Maria gestures at Duvessa while chanting.
The puff of frost hits Duvessa!
Duvessa completely misses Maria.
Maria points at Duvessa and mumbles some strange words.
The puff of frost hits Duvessa!
Duvessa hits Maria with a +4 short sword of draining!
Things that are here:
a +0 dagger; a +0 robe; a potion of curing Duvessa hits Maria with a +4 short sword of draining!!
Maria is destroyed!
Throw: 85 stones
Press: ? - help, Q - select action, (/) - cycle Shift-Dir - straight line, f/p - Duvessa
Aim: Duvessa, wielding a +4 short sword of draining and wearing a +0 ring mail (moderately wounded, berserk, fast, unaware, hasn't noticed you, 70% to hit)
You throw a stone.
Duvessa shouts!
The stone hits Duvessa but does no damage.
Duvessa is moderately wounded.
Duvessa hits you with a +4 short sword of draining!!
You die...

# .......... #.. .>.(...#
#. #..###.....#....
###...##(...#....
.......#......... ..
...#.)........ ...
#.#......##.. .....
#...e...###.
......###...@.......
................##.........
.......##.....## #...#...
...............# #...... .
##....#.##....###..... ..
#.......#...........
...#......##..........#
........#.............#
........##.###.......<#


You could see Duvessa (berserk, fast).

Vanquished Creatures
  Eustachio (D:4)
  Edmund (D:4)
  An ice beast (D:6)
  An ogre (D:6)
  A centaur (D:6)
  3 wights (D:4)
  A hound (D:4)
  A bullfrog skeleton (D:5)
  An iguana (D:6)
  A hound skeleton (D:4)
  4 adders
  2 worms (D:4)
  A dart slug (D:4)
  7 orcs
  5 ball pythons
  8 endoplasms
  A giant cockroach (D:2)
  2 goblins
  6 hobgoblins
  6 jackals (D:2)
  5 kobolds
  4 quokkas
  8 bats
  5 frilled lizards
  3 rats
79 creatures vanquished.

Vanquished Creatures (collateral kills)
  Menkaure (D:4)
  A water moccasin (D:5)
  A necrophage (D:5)
  An ogre (D:4)
  A phantom (D:6)
  Blork the orc (D:6)
  A scorpion (D:5)
  Dowan (D:6)
  A wight (D:4)
  2 howler monkeys
  A centaur zombie (D:5)
  3 jellies (D:5)
  An orc priest (D:5)
  A centaur skeleton (D:4)
  A gnoll shaman (D:5)
  A hound (D:5)
  An iguana (D:5)
  A hound skeleton (D:4)
  4 adders
  5 gnolls (D:5)
  A howler monkey skeleton (D:4)
  A worm (D:4)
  6 orcs
  An endoplasm (D:4)
  A giant cockroach (D:3)
  A goblin (D:3)
  3 jackals (D:2)
  2 kobolds
  A quokka (D:4)
47 creatures vanquished.

Vanquished Creatures (others)
  4 battlemagi
4 creatures vanquished.

Grand Total: 130 creatures vanquished

Notes
Turn   | Place    | Note
-------+----------+-------------------------------------------
     0 | D:1      | firemarshallily the Demonspawn Gladiator began the quest
                  | for the Orb.
     0 | D:1      | Reached XP level 1. HP: 16/16 MP: 1/1
    99 | D:1      | Discovered your monstrous ancestry.
    99 | D:1      | Gained mutation: You have large cloven feet. [demonic
                  | ancestry]
    99 | D:1      | Reached XP level 2. HP: 19/22 MP: 2/2
   435 | D:1      | Reached skill level 3 in Long Blades
   684 | D:1      | Found a faded altar of an unknown god.
   689 | D:1      | Prayed at the altar of an unknown god.
   689 | D:1      | Became a worshipper of Hepliaklqana the Forgotten
   689 | D:1      | Reached * piety under Hepliaklqana
   889 | D:2      | Gained mutation: You regenerate magic rapidly. [demonic
                  | ancestry]
   889 | D:2      | Reached XP level 3. HP: 24/25 MP: 3/3
  1252 | D:2      | Reached skill level 1 in Armour
  1413 | D:3      | Found a bloodstained altar of Trog.
  1454 | D:3      | Reached XP level 4. HP: 30/30 MP: 4/4
  1732 | D:3      | Found a runed translucent gate.
  1732 | D:3      | Found a runed translucent gate.
  1733 | D:3      | Found a runed translucent gate.
  1741 | D:3      | Noticed Rudyous's ghost (novice DjFi)
  1959 | D:3      | Reached ** piety under Hepliaklqana
  1960 | D:3      | Remembered your ancestor Maria as a battlemage
  2345 | D:4      | Reached skill level 4 in Long Blades
  2345 | D:4      | Gained mutation: You have hoof-like feet. [demonic
                  | ancestry]
  2345 | D:4      | Reached XP level 5. HP: 35/36 MP: 5/5
  2428 | D:4      | Found a hazy altar of Hepliaklqana.
  2475 | D:4      | Noticed Edmund
  2490 | D:4      | Killed Edmund
  2491 | D:4      | Gained mutation: You have a pair of small antennae on your
                  | head. [demonic ancestry]
  2491 | D:4      | Reached XP level 6. HP: 32/42 MP: 6/6
  2902 | D:4      | Reached skill level 5 in Long Blades
  2932 | D:4      | Found a staircase to the Ecumenical Temple.
  3012 | D:4      | Reached XP level 7. HP: 31/48 MP: 7/7
  3232 | D:4      | Learned a level 1 spell: Summon Small Mammal
  3251 | D:4      | Noticed Menkaure
  3255 | D:4      | Killed Menkaure
  3469 | D:4      | Noticed Eustachio
  3484 | D:4      | Killed Eustachio
  3485 | D:4      | Reached skill level 6 in Long Blades
  3643 | D:5      | Entered Level 5 of the Dungeon
  3790 | D:5      | Reached skill level 5 in Fighting
  3790 | D:5      | Reached XP level 8. HP: 49/55 MP: 8/8
  3991 | D:5      | Reached skill level 7 in Long Blades
  4190 | D:5      | Found a basalt altar of Yredelemnul.
  4973 | D:6      | Noticed Blork the orc
  4982 | D:6      | Killed Blork the orc
  5248 | D:6      | Reached skill level 8 in Long Blades
  5248 | D:6      | Reached skill level 5 in Armour
  5270 | D:6      | Noticed Dowan
  5303 | D:6      | Noticed Duvessa
  5309 | D:6      | Killed Dowan
  5310 | D:6      | Gained mutation: You have a pair of antennae on your head.
                  | [demonic ancestry]
  5310 | D:6      | Reached XP level 9. HP: 57/62 MP: 9/9
  5319 | D:6      | Slain by Duvessa

Illustrated notes

Levels and vault maps discovered:
D:1:      dpeg_arrival_rooms_b, layout_rooms, ebering_ecumenical_altar_hall
D:2:      layout_rooms
D:3:      layout_loops_corners, mainiacjoe_overflow_tiny_flanked,
          gammafunk_ghost_necromancy
D:4:      layout_rooms, lemuel_crystal_altar, minmay_temple_entry_fiery,
          hangedman_decor_points, uniq_eustachio, uniq_edmund, uniq_menkaure
D:5:      layout_loops_ring, mainiacjoe_overflow_six_doors_small, minivault_26,
          grunt_decor_cap, grunt_ministairs_8, minmay_splitting_lines
D:6:      layout_cave_pools, minmay_misc_feat_doors, kennysheep_generic_room_6,
          uniq_duvessa, uniq_blork_the_orc

Skill      XL: |  1  2  3  4  5  6  7  8 |
---------------+-------------------------+-----
Throwing       | 2 |  2.0
Dodging        | 3 |  3.0
Long Blades    | 3 4 5 6 8 |  8.0
Armour         | 1 2 3 5 |  5.0
Fighting       | 3 4 5 6 |  6.1

Action                   |  1- 3 |  4- 6 |  7- 9 || total
-------------------------+-------+-------+-------++-------
Melee: Long sword        |    88 |    55 |    83 ||   226
       Kick              |    21 |    14 |    16 ||    51
       Punch             |       |       |     2 ||     2
Throw: Stone             |       |     7 |     1 ||     8
       Throwing net      |       |     1 |     2 ||     3
       Javelin           |       |       |     3 ||     3
 Cast: Summon Small Mamm |       |       |     3 ||     3
Invok: Ancestor Identity |     1 |       |       ||     1
       Ancestor Life: Ba |       |     1 |       ||     1
  Use: Scroll            |     3 |     5 |     6 ||    14
 Stab: Distracted        |       |       |     3 ||     3
       Sleeping          |       |       |     1 ||     1
Armor: Leather armour    |    34 |    14 |    17 ||    65
Dodge: Dodged            |    79 |    39 |    59 ||   177
